[Event "GER-ch Women Open 2019"]
[Site "Bodenmais"]
[Date "2019.07.30"]
[Round "4.3"]
[White "Peglau, Dora"]
[Black "Navarro Ortega-Villaizan, Lucia"]
[Result "1-0"]
[ECO "D02"]
[WhiteElo "1300"]
[BlackElo "1113"]
[Annotator "NA"]
[PlyCount "77"]
[EventDate "2019.07.27"]
[EventType "swiss"]
[EventCountry "GER"]
[SourceTitle "playchess.com"]
[Source "ChessBase"]
[SourceQuality "1"]
[TimeControl "40/5400+30:900+30"]

1. d4 d5 2. Nf3 Nf6 3. Bf4 Bf5 4. e3 Nc6 5. c4 e6 6. Nbd2 Bd6 7. Bg3 Nb4 8. Rc1 Bd3 9. Be2 Ne4 10. a3 Bxe2 11. Qxe2 Na6 12. O-O O-O 13. b4 c6 14. c5 Be7 15. Qd3 Nxd2 16. Qxd2 b6 17. cxb6 Qxb6 18. Ne5 Rfc8 19. Rc3 f6 20. Nd3 Nb8 21. Rfc1 a5 22. Qb2 axb4 23. axb4 Qb5 24. Nc5 Na6 25. Nxe6 Qxb4 26. Qc2 Nb8 27. Bxb8 Raxb8 28. Rxc6 Rxc6 29. Qxc6 Kf7 30. Qxd5 Ke8 31. Nxg7+ Kf8 32. Ne6+ Ke8 33. h4 Bd6 34. Qe4 Kd7 35. Nc5+ Kd8 36. Qe6 Bxc5 37. Rxc5 Qb7 38. Rd5+ Kc7 39. Rd7+ 1-0

[Event "GER-ch Women Open 2019"]
[Site "Bodenmais"]
[Date "2019.07.30"]
[Round "4.4"]
[White "Pribylova, Ruzena"]
[Black "Just, Anita"]
[Result "1/2-1/2"]
[ECO "C00"]
[WhiteElo "1867"]
[BlackElo "1875"]
[Annotator "NA"]
[PlyCount "116"]
[EventDate "2019.07.27"]
[EventType "swiss"]
[EventCountry "GER"]
[SourceTitle "playchess.com"]
[Source "ChessBase"]
[SourceQuality "1"]
[TimeControl "40/5400+30:900+30"]

1. e4 e6 2. b3 d5 3. Bb2 dxe4 4. Nc3 Nf6 5. Nge2 Bc5 6. Ng3 O-O 7. Ngxe4 Bd4 8. Nxf6+ Qxf6 9. Qe2 Nc6 10. f3 Nb4 11. Kd1 Qg6 12. Qe4 e5 13. Qxg6 hxg6 14. a3 Nc6 15. Bc4 Bf5 16. Kc1 Rad8 17. Re1 a6 18. b4 b5 19. Bb3 Rd6 20. d3 Rfd8 21. Ne4 Bxe4 22. fxe4 Rf6 23. c3 Bf2 24. Re2 Rxd3 25. Bd5 Re3 26. Kd2 Rxe2+ 27. Kxe2 Ne7 28. Bb3 Bb6 29. Rf1 Rxf1 30. Kxf1 Kf8 31. c4 f6 32. c5 Ba7 33. Ke2 c6 34. Be6 Ke8 35. g4 a5 36. h4 axb4 37. axb4 Bb8 38. Bc3 Bc7 39. Kf3 Bd8 40. Bb2 Bc7 41. Bc3 Kf8 42. Bb2 Ng8 43. Bd7 Ne7 44. Be6 Ke8 45. Bc3 Kd8 46. Bb2 Nc8 47. Bf7 g5 48. hxg5 fxg5 49. Be6 Ne7 50. Bc1 Ng6 51. Bxg5+ Ke8 52. Bf5 Nf8 53. Bh4 g6 54. Bc8 Bd8 55. g5 Bc7 56. Bh3 Ke7 57. Be1 Ne6 58. Bxe6 Kxe6 1/2-1/2

[Event "GER-ch Women Open 2019"]
[Site "Bodenmais"]
[Date "2019.07.30"]
[Round "4.5"]
[White "Steckmann, Kerstin"]
[Black "Weinmann, Helene"]
[Result "1-0"]
[ECO "D70"]
[WhiteElo "1653"]
[BlackElo "1520"]
[Annotator "NA"]
[PlyCount "91"]
[EventDate "2019.07.27"]
[EventType "swiss"]
[EventCountry "GER"]
[SourceTitle "playchess.com"]
[Source "ChessBase"]
[SourceQuality "1"]
[TimeControl "40/5400+30:900+30"]

1. d4 Nf6 2. c4 g6 3. Nf3 Bg7 4. Nc3 O-O 5. e4 d6 6. Bf4 Nbd7 7. Be2 c5 8. d5 Nb6 9. O-O Nh5 10. Be3 e5 11. Nd2 Nf6 12. f4 exf4 13. Bxf4 Ne8 14. Qe1 f5 15. Qg3 a6 16. Rae1 Qc7 17. Bd3 Bd4+ 18. Kh1 Be5 19. Bxe5 dxe5 20. exf5 e4 21. Qxc7 Nxc7 22. Ncxe4 Bxf5 23. Nxc5 Bxd3 24. Nxd3 Rxf1+ 25. Rxf1 Kg7 26. Nc5 Rb8 27. b3 Nc8 28. Nd7 Ra8 29. Ne5 Nd6 30. c5 Nf5 31. g4 Nxd5 32. gxf5 Ne3 33. f6+ Kf8 34. Rf3 Nf5 35. Ne4 Rd8 36. Ng5 Rd1+ 37. Kg2 Nh4+ 38. Kg3 Nxf3 39. Nxh7+ Kg8 40. f7+ Kxh7 41. f8=Q Nxe5 42. Qe7+ Kh6 43. Qxe5 Rg1+ 44. Kh3 Rd1 45. Qh8+ Kg5 46. Qh4+ {[%emt 0:00:03] Rb1} 1-0

[Event "GER-ch Women Open 2019"]
[Site "Bodenmais"]
[Date "2019.07.30"]
[Round "4.6"]
[White "Wolff, Beate"]
[Black "Peglau, Adelheid"]
[Result "1-0"]
[ECO "D10"]
[WhiteElo "1238"]
[BlackElo "1187"]
[Annotator "NA"]
[PlyCount "45"]
[EventDate "2019.07.27"]
[EventType "swiss"]
[EventCountry "GER"]
[SourceTitle "playchess.com"]
[Source "ChessBase"]
[SourceQuality "1"]
[TimeControl "40/5400+30:900+30"]

1. c4 c6 2. Nf3 d5 3. cxd5 cxd5 4. d4 Nf6 5. g3 Bg4 6. Bg2 e6 7. O-O Nc6 8. Bf4 Qb6 9. b3 Bxf3 10. Bxf3 Nxd4 11. Nd2 Nxf3+ 12. Nxf3 Bc5 13. e3 Rc8 14. Rc1 Ke7 15. Nd4 Bxd4 16. Qxd4 Qxd4 17. exd4 Ne4 18. Rxc8 Rxc8 19. Rc1 Rxc1+ 20. Bxc1 f5 21. h4 Kf6 22. Kg2 h6 23. a4 1-0

[Event "GER-ch Women Open 2019"]
[Site "Bodenmais"]
[Date "2019.07.30"]
[Round "4.7"]
[White "Navarro Ortega-Villaizan, Alba"]
[Black "Peglau, Lorena"]
[Result "1-0"]
[ECO "A04"]
[WhiteElo "700"]
[BlackElo "1108"]
[Annotator "NA"]
[PlyCount "71"]
[EventDate "2019.07.27"]
[EventType "swiss"]
[EventCountry "GER"]
[SourceTitle "playchess.com"]
[Source "ChessBase"]
[SourceQuality "1"]
[TimeControl "40/5400+30:900+30"]

1. Nf3 c6 2. d4 d5 3. Nc3 Bf5 4. Bf4 Nd7 5. e3 Ngf6 6. Bd3 Bg6 7. O-O e6 8. Bg5 Be7 9. Bf4 O-O 10. Re1 Rb8 11. e4 Rc8 12. e5 Ne8 13. Bxg6 hxg6 14. Qc1 f6 15. h3 g5 16. exf6 Bxf6 17. Bxg5 Bxg5 18. Nxg5 Qf6 19. Rf1 Nc7 20. Qd2 c5 21. Rad1 cxd4 22. Qxd4 Qxg5 23. h4 Qe5 24. Qxa7 Rb8 25. Rde1 Qf6 26. b4 Qxh4 27. b5 b6 28. Qxc7 Qe7 29. Re2 Rfc8 30. Qg3 Qa3 31. Re3 d4 32. Rxe6 Rxc3 33. Qg5 Qxa2 34. Re7 g6 35. Qxg6+ Kf8 36. Qg7# {[%emt 0:00:44] Ke8} 1-0

[Event "GER-ch Women Open 2019"]
[Site "Bodenmais"]
[Date "2019.07.31"]
[Round "5.1"]
[White "Peglau, Dora"]
[Black "Von Herman, Brigitte"]
[Result "0-1"]
[ECO "A21"]
[WhiteElo "1300"]
[BlackElo "2062"]
[Annotator "NA"]
[PlyCount "79"]
[EventDate "2019.07.27"]
[EventType "swiss"]
[EventCountry "GER"]
[SourceTitle "playchess.com"]
[Source "ChessBase"]
[SourceQuality "1"]
[TimeControl "40/5400+30:900+30"]

1. c4 d6 2. Nc3 e5 3. Nf3 f5 4. d4 Nd7 5. b3 e4 6. Ng5 Ndf6 7. Nh3 d5 8. e3 c6 9. Bb2 Bd6 10. Rc1 Ne7 11. Be2 O-O 12. c5 Bc7 13. b4 b5 14. cxb6 axb6 15. Qb3 Qd6 16. Ba3 Bd7 17. Na4 b5 18. Nc5 Ra7 19. Bb2 Rfa8 20. a3 h6 21. Bf1 Be8 22. Be2 Nc8 23. Ra1 Nb6 24. Nf4 Bf7 25. Bd1 Nc4 26. Ne2 Qe7 27. Nf4 g5 28. Ne2 f4 29. Bc1 fxe3 30. fxe3 Ng4 31. h3 Nf6 32. g4 Kg7 33. Rg1 Bg6 34. Nc3 Bh2 35. Rg2 Qd6 36. Be2 Bg3+ 37. Kd1 Bh4 38. Bxc4 dxc4 39. Qc2 h5 40. Bb2 0-1

[Event "GER-ch Women Open 2019"]
[Site "Bodenmais"]
[Date "2019.07.31"]
[Round "5.2"]
[White "Steckmann, Kerstin"]
[Black "Ries, Jutta"]
[Result "0-1"]
[ECO "D45"]
[WhiteElo "1653"]
[BlackElo "1983"]
[Annotator "NA"]
[PlyCount "74"]
[EventDate "2019.07.27"]
[EventType "swiss"]
[EventCountry "GER"]
[SourceTitle "playchess.com"]
[Source "ChessBase"]
[SourceQuality "1"]
[TimeControl "40/5400+30:900+30"]

1. d4 d5 2. c4 c6 3. e3 Nf6 4. Nc3 e6 5. Nf3 Bd6 6. Be2 O-O 7. O-O Nbd7 8. b3 Re8 9. Bb2 Nf8 10. Qc2 Ng6 11. Rad1 b6 12. e4 dxe4 13. Nxe4 Nxe4 14. Qxe4 Bb7 15. Qc2 Nf4 16. c5 Nxe2+ 17. Qxe2 Bc7 18. Rfe1 Qd5 19. Qe4 Qxe4 20. Rxe4 Red8 21. Rde1 Rd5 22. b4 a5 23. a3 axb4 24. axb4 Ra2 25. Bc1 h6 26. R4e2 Ra4 27. Bd2 Ba6 28. Re4 Bd3 29. Rh4 Bf5 30. g4 Bd3 31. g5 hxg5 32. Nxg5 bxc5 33. dxc5 Bf5 34. Be3 Bd8 35. f4 Rxb4 36. Rh8+ Kxh8 37. Nxf7+ Kg8 0-1

[Event "GER-ch Women Open 2019"]
[Site "Bodenmais"]
[Date "2019.07.31"]
[Round "5.3"]
[White "Sewald, Kathrin"]
[Black "Pribylova, Ruzena"]
[Result "1-0"]
[ECO "B50"]
[WhiteElo "2016"]
[BlackElo "1867"]
[Annotator "NA"]
[PlyCount "67"]
[EventDate "2019.07.27"]
[EventType "swiss"]
[EventCountry "GER"]
[SourceTitle "playchess.com"]
[Source "ChessBase"]
[SourceQuality "1"]
[TimeControl "40/5400+30:900+30"]

1. e4 c5 2. Nf3 d6 3. d3 Nf6 4. g3 g6 5. Bg2 Bg7 6. O-O O-O 7. Re1 Nc6 8. c3 Bg4 9. h3 Bd7 10. Nbd2 Rc8 11. Nf1 Ne5 12. N3h2 Bc6 13. f4 Ned7 14. g4 e6 15. Ng3 h6 16. h4 Nb6 17. h5 gxh5 18. g5 h4 19. gxf6 hxg3 20. Ng4 Bxf6 21. Nxh6+ Kg7 22. Qg4+ Kxh6 23. Bf3 Rg8 24. f5+ Rg5 25. fxe6 fxe6 26. Kg2 Kg6 27. Bxg5 Bxg5 28. Rh1 Qg8 29. Rh5 Kf6 30. Rf1 Be3 31. Qh4+ Bg5 32. Bg4+ Ke7 33. Rxg5 Qh8 34. Rg7+ 1-0

[Event "GER-ch Women Open 2019"]
[Site "Bodenmais"]
[Date "2019.07.31"]
[Round "5.4"]
[White "Peglau, Sarah"]
[Black "Wolff, Beate"]
[Result "1-0"]
[ECO "B18"]
[WhiteElo "1525"]
[BlackElo "1238"]
[Annotator "NA"]
[PlyCount "57"]
[EventDate "2019.07.27"]
[EventType "swiss"]
[EventCountry "GER"]
[SourceTitle "playchess.com"]
[Source "ChessBase"]
[SourceQuality "1"]
[TimeControl "40/5400+30:900+30"]

1. e4 c6 2. d4 d5 3. Nc3 dxe4 4. Nxe4 Bf5 5. Ng3 Bg6 6. h4 h6 7. h5 Bh7 8. Nf3 Nd7 9. Bd3 Bxd3 10. Qxd3 e6 11. Bf4 Qa5+ 12. Bd2 Bb4 13. c3 Be7 14. a3 Qc7 15. O-O-O Ngf6 16. Ne4 Nxe4 17. Qxe4 Nf6 18. Qe2 O-O 19. g4 Nh7 20. Rdg1 Ng5 21. Ne5 c5 22. f4 Nh7 23. g5 hxg5 24. fxg5 Qd8 25. g6 Ng5 26. gxf7+ Nxf7 27. h6 Ng5 28. hxg7 Kxg7 29. Qh5 1-0

[Event "GER-ch Women Open 2019"]
[Site "Bodenmais"]
[Date "2019.07.31"]
[Round "5.5"]
[White "Just, Anita"]
[Black "Peglau, Adelheid"]
[Result "1-0"]
[ECO "B15"]
[WhiteElo "1875"]
[BlackElo "1187"]
[Annotator "NA"]
[PlyCount "43"]
[EventDate "2019.07.27"]
[EventType "swiss"]
[EventCountry "GER"]
[SourceTitle "playchess.com"]
[Source "ChessBase"]
[SourceQuality "1"]
[TimeControl "40/5400+30:900+30"]

1. e4 c6 2. d4 d5 3. Nc3 dxe4 4. Nxe4 Nf6 5. Nxf6+ exf6 6. Nf3 Bd6 7. Bd3 Be6 8. Bd2 Nd7 9. c4 b6 10. O-O Qc7 11. h3 O-O 12. Rc1 Rac8 13. d5 Nc5 14. Bb1 cxd5 15. cxd5 Bxd5 16. b4 Rfe8 17. bxc5 Bxc5 18. Be3 Rxe3 19. Qxd5 Re2 20. Qd3 Qe5 21. Nxe5 Bxf2+ 22. Kh2 1-0

[Event "GER-ch Women Open 2019"]
[Site "Bodenmais"]
[Date "2019.07.31"]
[Round "5.6"]
[White "Navarro Ortega-Villaizan, Lucia"]
[Black "Navarro Ortega-Villaizan, Alba"]
[Result "1-0"]
[ECO "C57"]
[WhiteElo "1113"]
[BlackElo "700"]
[Annotator "NA"]
[PlyCount "71"]
[EventDate "2019.07.27"]
[EventType "swiss"]
[EventCountry "GER"]
[SourceTitle "playchess.com"]
[Source "ChessBase"]
[SourceQuality "1"]
[TimeControl "40/5400+30:900+30"]

1. e4 Nc6 2. Nf3 e5 3. Bc4 Nf6 4. Ng5 d5 5. exd5 Nxd5 6. Nxf7 Qd7 7. Nxh8 Nf4 8. Qf3 Nd4 9. Qe4 Qg4 10. Qxe5+ Be6 11. Bb5+ Nc6 12. Bxc6+ bxc6 13. g3 Bd6 14. Qe4 Ng2+ 15. Qxg2 Bd5 16. Qf1 Bxh1 17. Qxh1 Kd7 18. Nf7 Qe6+ 19. Kf1 Qxf7 20. d3 Bc5 21. f4 Re8 22. Nc3 Re7 23. Bd2 Be3 24. Bxe3 Rxe3 25. Ne4 Qh5 26. Qg2 c5 27. Qf2 Qh3+ 28. Kg1 Rxe4 29. dxe4 Kd6 30. Rd1+ Kc6 31. e5 Qg4 32. Rf1 Kd5 33. Qf3+ Qxf3 34. Rxf3 Ke4 35. Re3+ Kxe3 36. e6 1-0

[Event "GER-ch Women Open 2019"]
[Site "Bodenmais"]
[Date "2019.07.31"]
[Round "5.7"]
[White "Weinmann, Helene"]
[Black "Peglau, Lorena"]
[Result "1-0"]
[ECO "A40"]
[WhiteElo "1520"]
[BlackElo "1108"]
[Annotator "NA"]
[PlyCount "161"]
[EventDate "2019.07.27"]
[EventType "swiss"]
[EventCountry "GER"]
[SourceTitle "playchess.com"]
[Source "ChessBase"]
[SourceQuality "1"]
[TimeControl "40/5400+30:900+30"]

1. d4 c6 2. Nf3 d5 3. c3 Bf5 4. Nbd2 Nd7 5. e3 e6 6. Be2 Ngf6 7. O-O Be7 8. Qb3 Qc7 9. c4 O-O 10. cxd5 exd5 11. Bd3 Bg6 12. Qc2 Bxd3 13. Qxd3 Rac8 14. b3 Bd6 15. h3 Rfe8 16. Bb2 Ne4 17. Rac1 Nxd2 18. Qxd2 Nf6 19. Qe1 Qb6 20. Qe2 Ne4 21. Ne1 a6 22. Nd3 Bb8 23. Rc2 Qc7 24. g3 h5 25. Qxh5 Qd6 26. Qf3 Qe6 27. Kg2 Ng5 28. Qg4 Qxg4 29. hxg4 Ne4 30. Rh1 Ba7 31. Nf4 Kf8 32. Rh8+ Ke7 33. Rxe8+ Kxe8 34. f3 Nd6 35. Nd3 Ke7 36. Ba3 Ke6 37. Nf4+ Kd7 38. Bxd6 Kxd6 39. Kf2 b6 40. b4 c5 41. bxc5+ bxc5 42. dxc5+ Rxc5 43. Rxc5 Bxc5 44. Ke2 d4 45. e4 Kc6 46. Kd3 Kb5 47. Kc2 Ka4 48. Nd3 Ba7 49. Kb2 Bb8 50. f4 a5 51. Nc5+ Kb5 52. Nd3 Bc7 53. e5 Kc6 54. Kc2 Bb6 55. Kd2 Kd5 56. Ke2 Kc4 57. g5 Kd5 58. Kf3 Ke6 59. Ke4 Ke7 60. g4 Ke6 61. f5+ Ke7 62. Kd5 Ke8 63. a4 Ba7 64. Nb2 Bb6 65. Nc4 Bd8 66. Kxd4 Bxg5 67. Nxa5 Bd8 68. Nc4 f6 69. e6 Bc7 70. Kd5 Bd8 71. a5 Bxa5 72. Nxa5 Ke7 73. Nc6+ Ke8 74. Kd6 Kf8 75. e7+ Ke8 76. Nd4 Kf7 77. Kd7 Kg8 78. e8=Q+ Kh7 79. Qg6+ Kg8 80. Ne6 Kh8 81. Qxg7# 1-0

[Event "GER-ch Women Open 2019"]
[Site "Bodenmais"]
[Date "2019.08.01"]
[Round "6.1"]
[White "Von Herman, Brigitte"]
[Black "Ries, Jutta"]
[Result "1-0"]
[ECO "B04"]
[WhiteElo "2062"]
[BlackElo "1983"]
[Annotator "NA"]
[PlyCount "55"]
[EventDate "2019.07.27"]
[EventType "swiss"]
[EventCountry "GER"]
[SourceTitle "playchess.com"]
[Source "ChessBase"]
[SourceQuality "1"]
[TimeControl "40/5400+30:900+30"]

1. e4 Nf6 2. e5 Nd5 3. d4 d6 4. Nf3 dxe5 5. Nxe5 c6 6. Qf3 Nf6 7. Bc4 e6 8. c3 Nbd7 9. O-O Bd6 10. Re1 Nb6 11. Bb3 Bd7 12. Qg3 Bf8 13. Nd2 Nbd5 14. c4 Ne7 15. Ndf3 Nf5 16. Qf4 Bb4 17. Re2 O-O 18. Bc2 g6 19. g4 Ng7 20. Qh6 Re8 21. Ng5 Re7 22. Bf4 Qf8 23. Nd3 Ree8 24. Be5 Ngh5 25. Qxf8+ Bxf8 26. gxh5 Nxh5 27. Ne4 b6 28. Nf6+ 1-0

[Event "GER-ch Women Open 2019"]
[Site "Bodenmais"]
[Date "2019.08.01"]
[Round "6.2"]
[White "Just, Anita"]
[Black "Sewald, Kathrin"]
[Result "1/2-1/2"]
[ECO "C41"]
[WhiteElo "1875"]
[BlackElo "2016"]
[Annotator "NA"]
[PlyCount "143"]
[EventDate "2019.07.27"]
[EventType "swiss"]
[EventCountry "GER"]
[SourceTitle "playchess.com"]
[Source "ChessBase"]
[SourceQuality "1"]
[TimeControl "40/5400+30:900+30"]

1. e4 e5 2. Nf3 d6 3. d4 Qe7 4. dxe5 dxe5 5. Qd5 Nd7 6. Nc3 Ngf6 7. Qc4 c6 8. Be3 Ng4 9. O-O-O Nxe3 10. fxe3 Nb6 11. Qd3 f6 12. Nh4 g6 13. Nf3 Bd7 14. Nd2 Bh6 15. Kb1 O-O-O 16. Qe2 Be6 17. Qf2 f5 18. Bd3 Rhf8 19. Qe2 Qc5 20. exf5 gxf5 21. e4 f4 22. Nb3 Qe7 23. Qh5 Bg5 24. Rhf1 Rg8 25. Be2 Bf6 26. Rxd8+ Kxd8 27. Qf3 Bh4 28. Rd1+ Kc7 29. Qf1 Qf8 30. Nd2 Qf7 31. Nf3 Bf6 32. Qf2 Qe7 33. Qf1 Qb4 34. Qe1 a5 35. a3 Qc5 36. g3 Nc4 37. Bxc4 Qxc4 38. Nd2 Qc5 39. Na4 Qd4 40. Nc3 Qa7 41. Nf3 fxg3 42. hxg3 b5 43. Qh1 Rxg3 44. Qxh7+ Kb6 45. Qxa7+ Kxa7 46. Rd6 Rxf3 47. Rxe6 Kb7 48. Rd6 Kc7 49. Rd1 Re3 50. Rd3 Re1+ 51. Rd1 Bh4 52. b3 b4 53. axb4 axb4 54. Rxe1 Bxe1 55. Ne2 Bd2 56. Kb2 Kb6 57. c3 bxc3+ 58. Nxc3 Bxc3+ 59. Kxc3 Kb5 60. b4 c5 61. bxc5 Kxc5 62. Kd3 Kb4 63. Kd2 Kb3 64. Kd3 Kb4 65. Kd2 Kc4 66. Ke3 Kc3 67. Ke2 Kd4 68. Kd2 Kxe4 69. Ke2 Kd4 70. Kd2 e4 71. Ke2 e3 72. Ke1 1/2-1/2

[Event "GER-ch Women Open 2019"]
[Site "Bodenmais"]
[Date "2019.08.01"]
[Round "6.3"]
[White "Peglau, Sarah"]
[Black "Peglau, Dora"]
[Result "1-0"]
[ECO "A00"]
[WhiteElo "1525"]
[BlackElo "1300"]
[Annotator "NA"]
[PlyCount "54"]
[EventDate "2019.07.27"]
[EventType "swiss"]
[EventCountry "GER"]
[SourceTitle "playchess.com"]
[Source "ChessBase"]
[SourceQuality "1"]
[TimeControl "40/5400+30:900+30"]

1. g3 g6 2. Bg2 Bg7 3. d4 d5 4. Nf3 Nf6 5. c4 c6 6. Nc3 dxc4 7. O-O Nd5 8. Qc2 O-O 9. Rd1 b5 10. a4 Nxc3 11. Qxc3 Bd7 12. axb5 Be6 13. Ng5 Bd7 14. Qxc4 h6 15. bxc6 Nxc6 16. Bxc6 Rc8 17. d5 hxg5 18. Bxg5 Bxc6 19. dxc6 Qc7 20. Ra6 Bxb2 21. Qb4 Bf6 22. Bxf6 exf6 23. Rd7 Qe5 24. Qe7 Qb5 25. Raxa7 Qxc6 26. Rd6 Qc1+ 27. Kg2 f5 1-0

[Event "GER-ch Women Open 2019"]
[Site "Bodenmais"]
[Date "2019.08.01"]
[Round "6.4"]
[White "Wolff, Beate"]
[Black "Steckmann, Kerstin"]
[Result "1/2-1/2"]
[ECO "A13"]
[WhiteElo "1238"]
[BlackElo "1653"]
[Annotator "NA"]
[PlyCount "37"]
[EventDate "2019.07.27"]
[EventType "swiss"]
[EventCountry "GER"]
[SourceTitle "playchess.com"]
[Source "ChessBase"]
[SourceQuality "1"]
[TimeControl "40/5400+30:900+30"]

1. c4 e6 2. Nf3 Nf6 3. g3 c6 4. Bg2 d5 5. b3 Nbd7 6. Bb2 Qb6 7. Bd4 c5 8. Be3 dxc4 9. bxc4 Ne4 10. O-O g6 11. Qb3 Bg7 12. Nc3 Qxb3 13. axb3 Nxc3 14. dxc3 Bxc3 15. Rad1 O-O 16. Ng5 Rb8 17. Ne4 Bb4 18. Nd6 Nb6 19. Bf4 1/2-1/2

[Event "GER-ch Women Open 2019"]
[Site "Bodenmais"]
[Date "2019.08.01"]
[Round "6.5"]
[White "Peglau, Lorena"]
[Black "Navarro Ortega-Villaizan, Lucia"]
[Result "1-0"]
[ECO "A04"]
[WhiteElo "1108"]
[BlackElo "1113"]
[Annotator "NA"]
[PlyCount "100"]
[EventDate "2019.07.27"]
[EventType "swiss"]
[EventCountry "GER"]
[SourceTitle "playchess.com"]
[Source "ChessBase"]
[SourceQuality "1"]
[TimeControl "40/5400+30:900+30"]

1. Nf3 c5 2. e3 d5 3. d4 e6 4. Be2 Nc6 5. Bd2 Nf6 6. c4 Bd6 7. Nc3 cxd4 8. exd4 O-O 9. O-O Ne4 10. Bd3 Nxc3 11. Bxc3 Qf6 12. Qc2 Qh6 13. h3 dxc4 14. Bxc4 Re8 15. Bd2 Qg6 16. Qxg6 fxg6 17. Rfe1 Bd7 18. d5 exd5 19. Bxd5+ Kh8 20. Ng5 Ne5 21. Bc3 Bc6 22. Bb3 Rad8 23. Bxe5 Bxe5 24. Nf7+ Kg8 25. Nxd8+ Kf8 26. Nxc6 bxc6 27. Rac1 h6 28. Rc2 Bh2+ 29. Kf1 Be5 30. Rxc6 g5 31. Rc5 Bxb2 32. Rxe8+ Kxe8 33. Ba4+ Ke7 34. Ke2 Kd6 35. Rc2 Ba3 36. Kd3 Bc5 37. Ke4 Bxf2 38. Rxf2 Ke6 39. Bb3+ Kd6 40. Kf5 g4 41. Kxg4 h5+ 42. Kxh5 a5 43. g4 g6+ 44. Kxg6 a4 45. Bxa4 Ke7 46. h4 Kd8 47. h5 Ke7 48. h6 Kd8 49. Rf7 Kc8 50. h7 Kd8 1-0

[Event "GER-ch Women Open 2019"]
[Site "Bodenmais"]
[Date "2019.08.01"]
[Round "6.6"]
[White "Pribylova, Ruzena"]
[Black "Navarro Ortega-Villaizan, Alba"]
[Result "1-0"]
[ECO "B00"]
[WhiteElo "1867"]
[BlackElo "700"]
[Annotator "NA"]
[PlyCount "45"]
[EventDate "2019.07.27"]
[EventType "swiss"]
[EventCountry "GER"]
[SourceTitle "playchess.com"]
[Source "ChessBase"]
[SourceQuality "1"]
[TimeControl "40/5400+30:900+30"]

1. e4 Nc6 2. d4 e5 3. Nf3 d6 4. dxe5 Qd7 5. exd6 cxd6 6. Nc3 Nf6 7. Bb5 a6 8. Be2 Qg4 9. O-O Nxe4 10. Nd5 Qd7 11. Nb6 Qg4 12. Nxa8 Nc5 13. Nc7+ Kd8 14. Nd5 Be6 15. Be3 Ne7 16. Nxe7 Bxe7 17. Bxc5 Bf5 18. Bxd6 Qg6 19. Bxe7+ Kxe7 20. Bd3 Rd8 21. Qe2+ Kf6 22. Bxf5 Qxf5 23. Rfe1 1-0

[Event "GER-ch Women Open 2019"]
[Site "Bodenmais"]
[Date "2019.08.01"]
[Round "6.7"]
[White "Peglau, Adelheid"]
[Black "Weinmann, Helene"]
[Result "0-1"]
[ECO "C41"]
[WhiteElo "1187"]
[BlackElo "1520"]
[Annotator "NA"]
[PlyCount "40"]
[EventDate "2019.07.27"]
[EventType "swiss"]
[EventCountry "GER"]
[SourceTitle "playchess.com"]
[Source "ChessBase"]
[SourceQuality "1"]
[TimeControl "40/5400+30:900+30"]

1. e4 e5 2. Nf3 d6 3. Nc3 Nf6 4. d4 exd4 5. Nxd4 Be7 6. Bg5 O-O 7. Bc4 Nbd7 8. O-O Nc5 9. Re1 Ne6 10. Nf5 Nxg5 11. Qd2 Ne6 12. Qe2 Nf4 13. Qf3 Ng6 14. Rad1 Qe8 15. Nb5 Bd8 16. Bb3 Qxb5 17. h3 Bxf5 18. exf5 Nh4 19. Qg3 Nxf5 20. Rd3 Nxg3 0-1

[Event "GER-ch Women Open 2019"]
[Site "Bodenmais"]
[Date "2019.08.02"]
[Round "7.1"]
[White "Steckmann, Kerstin"]
[Black "Von Herman, Brigitte"]
[Result "0-1"]
[ECO "E21"]
[WhiteElo "1653"]
[BlackElo "2062"]
[Annotator "NA"]
[PlyCount "41"]
[EventDate "2019.07.27"]
[EventType "swiss"]
[EventCountry "GER"]
[SourceTitle "playchess.com"]
[Source "ChessBase"]
[SourceQuality "1"]
[TimeControl "40/5400+30:900+30"]

1. d4 Nf6 2. c4 e6 3. Nf3 Bb4+ 4. Nc3 Qe7 5. a3 Bxc3+ 6. bxc3 b6 7. e3 Nc6 8. Be2 Ba6 9. a4 Ne4 10. Qc2 f5 11. Ba3 d6 12. d5 Nd8 13. Nd4 g6 14. Bf3 Ng5 15. Qd2 e5 16. Nb5 Bb7 17. Bc1 a6 18. Na3 a5 19. Be2 Ne4 20. Qc2 Nf7 21. Bf1 0-1

[Event "GER-ch Women Open 2019"]
[Site "Bodenmais"]
[Date "2019.08.02"]
[Round "7.2"]
[White "Sewald, Kathrin"]
[Black "Peglau, Sarah"]
[Result "1-0"]
[ECO "B10"]
[WhiteElo "2016"]
[BlackElo "1525"]
[Annotator "NA"]
[PlyCount "51"]
[EventDate "2019.07.27"]
[EventType "swiss"]
[EventCountry "GER"]
[SourceTitle "playchess.com"]
[Source "ChessBase"]
[SourceQuality "1"]
[TimeControl "40/5400+30:900+30"]

1. e4 c6 2. d3 e5 3. Nf3 d6 4. Nbd2 Nf6 5. g3 g6 6. Bg2 Bg7 7. O-O O-O 8. b3 Re8 9. Bb2 b5 10. a4 b4 11. d4 exd4 12. Nxd4 Bb7 13. Re1 c5 14. Nb5 a6 15. Nxd6 Qxd6 16. e5 Qd7 17. Bxb7 Qxb7 18. exf6 Rxe1+ 19. Qxe1 Bf8 20. Nc4 Nd7 21. Rd1 Qc6 22. Qe3 Nxf6 23. Na5 Qb6 24. Qf3 Nh5 25. Qxa8 Qxa5 26. Rd8 1-0

[Event "GER-ch Women Open 2019"]
[Site "Bodenmais"]
[Date "2019.08.02"]
[Round "7.3"]
[White "Ries, Jutta"]
[Black "Pribylova, Ruzena"]
[Result "1-0"]
[ECO "A03"]
[WhiteElo "1983"]
[BlackElo "1867"]
[Annotator "NA"]
[PlyCount "181"]
[EventDate "2019.07.27"]
[EventType "swiss"]
[EventCountry "GER"]
[SourceTitle "playchess.com"]
[Source "ChessBase"]
[SourceQuality "1"]
[TimeControl "40/5400+30:900+30"]

1. f4 d5 2. Nf3 Nf6 3. e3 e6 4. b3 Be7 5. Bb2 O-O 6. Bd3 c5 7. O-O Nc6 8. a3 b6 9. Qe1 Ne4 10. Nc3 f5 11. Bb5 Bb7 12. d3 Nd6 13. Bxc6 Bxc6 14. Ne2 Rc8 15. Qg3 Bf6 16. Bxf6 Qxf6 17. Ne5 Rfe8 18. c3 Bb7 19. Rad1 Rc7 20. c4 a6 21. Rb1 b5 22. Rfc1 Rec8 23. h4 Nf7 24. Nxf7 Kxf7 25. Qg5 Qxg5 26. hxg5 Kg6 27. Kf2 h6 28. gxh6 gxh6 29. cxd5 Bxd5 30. Nc3 Bb7 31. Ne2 Kf6 32. Rh1 Rh7 33. Rbc1 h5 34. Rh2 Bd5 35. Rb1 e5 36. fxe5+ Kxe5 37. Nf4 Bf7 38. Ke2 Be8 39. Kf2 Rcc7 40. Rh4 Bf7 41. Nh3 Rg7 42. Ng1 Rg4 43. Nf3+ Kf6 44. Rhh1 Rg8 45. Rhc1 Rgc8 46. Rb2 Bd5 47. Rh1 Bf7 48. Nd2 Kg5 49. Nf3+ Kf6 50. Rh4 Rd8 51. Ne1 Kg5 52. Rf4 Bd5 53. Ke2 h4 54. Nf3+ Bxf3+ 55. Rxf3 Rcd7 56. Rd2 Rh8 57. Kd1 Kf6 58. Kc2 Ke5 59. Rdf2 Rh5 60. Rf4 Rd6 61. Kc3 h3 62. gxh3 Rxh3 63. Rxf5+ Ke6 64. Rf6+ Ke7 65. Rxd6 Kxd6 66. Rf6+ Kc7 67. e4 Kb7 68. a4 Rh1 69. axb5 axb5 70. b4 cxb4+ 71. Kxb4 Rb1+ 72. Kc3 b4+ 73. Kc2 Ra1 74. Rd6 Ra3 75. e5 Kc7 76. Rd4 Kc6 77. Rxb4 Kc5 78. Rb3 Ra1 79. Kc3 Rc1+ 80. Kd2 Ra1 81. Ke3 Re1+ 82. Kf4 Kd4 83. Rb5 Rf1+ 84. Kg5 Kxd3 85. e6 Kd4 86. Kg6 Rg1+ 87. Kf7 Rf1+ 88. Ke8 Ra1 89. e7 Ra8+ 90. Kf7 Ra7 91. Kf8 {[%emt 0:00:03] Kd5} 1-0